 Dungeon Crawl Stone Soup version 0.23-a0-241-g3b46b07 (webtiles) character file.

4808 Irenicus the Geomancer (level 10, 0/85 HPs)
             Began as a Deep Dwarf Earth Elementalist on Sept 26, 2018.
             Was a Follower of Makhleb.
             Shot with an arrow by a centaur warrior (27 damage)
             ... on level 9 of the Dungeon.
             The game lasted 00:42:49 (4883 turns).

Irenicus the Geomancer (DDEE)                       Turns: 4883, Time: 00:42:49

Health: 0/85       AC:  6    Str: 11    XL:     10   Next: 24%
Magic:  3/12       EV: 24    Int: 17    God:    Makhleb [*.....]
Gold:   485        SH:  0    Dex: 16    Spells: 5/16 levels left

rFire    . . .     SeeInvis .   E - +0 hand axe (freeze)
rCold    + . .     Gourm    .   (no shield)
rNeg     . . .     Faith    .   C - +2 leather armour {MR+}
rPois    .         Spirit   .   q - +0 helmet
rElec    .         Reflect  .   (no cloak)
rCorr    .         Harm     .   (no gloves)
MR       +++..     Clarity  +   (no boots)
Stlth    ++........             (no amulet)
HPRegen  0.00/turn              g - ring of protection from magic
MPRegen  0.13/turn              k - +5 ring of evasion

@: non-regenerating
A: damage resistance, heal wounds, clarity, cold resistance 1, sense
surroundings 2, wild magic 1, no regeneration
a: Heal Wounds, Renounce Religion


You were on level 9 of the Dungeon.
You worshipped Makhleb.
Makhleb was aware of your devotion.
You were not hungry.

You visited 2 branches of the dungeon, and saw 10 of its levels.
You also visited: Sewer and Ossuary.

You collected 485 gold pieces.

Inventory:

Hand Weapons
 i - a +0 flail of crushing
 m - a +0 hand axe
 u - a +2 flail of protection
 w - the +8 quarterstaff "Ceonezeq" {flame, Int-4 Dex+5}
   (You found it on level 6 of the Dungeon)

   It has been specially enchanted to burn those struck by it, causing extra
   injury to most foes and up to half again as much damage against particularly
   susceptible opponents.
   It affects your intelligence (-4).
   It affects your dexterity (+5).
 E - a +0 hand axe of freezing (weapon)
Missiles
 F - 10 stones (quivered)
Armour
 q - a +0 helmet (worn)
 B - a +0 buckler
 C - a +2 leather armour of magic resistance (worn)
Jewellery
 g - a ring of protection from magic (left hand)
 k - a +5 ring of evasion (right hand)
Wands
 h - a wand of enslavement (13)
 l - a wand of flame (29)
 n - a wand of random effects (28)
 p - a wand of disintegration (15)
Scrolls
 a - 6 scrolls of identify
 b - 3 scrolls of enchant armour
 c - 3 scrolls of fog
 f - a scroll of magic mapping
 o - a scroll of enchant weapon
 v - 3 scrolls of vulnerability {unknown}
 x - 4 scrolls of teleportation
 y - a scroll of remove curse
 G - a scroll of acquirement {unknown}
Potions
 e - 5 potions of curing
 j - 2 potions of mutation
 r - a potion of agility
 s - 2 potions of haste
 t - 4 potions of brilliance
 z - 3 potions of flight
 A - a potion of might
Comestibles
 d - 13 rations


   Skills:
 - Level 4.1 Fighting
 + Level 4.5 Axes
 - Level 10.1 Dodging
 - Level 2.4 Stealth
 + Level 3.8 Spellcasting
 - Level 2.3 Conjurations
 - Level 3.5 Transmutations
 - Level 11.0 Earth Magic


You had 5 spell levels left.
You knew the following spells:

 Your Spells              Type           Power        Failure   Level  Hunger
a - Sandblast             Erth           ######       1%          1    None
b - Passwall              Tmut/Erth      #####...     3%          2    ##.....
c - Stone Arrow           Conj/Erth      ####..       7%          3    ###....
d - Lee's Rapid Deconstr  Erth           ######....   10%         5    ######.

Your spell library contained the following spells:

 Spells                   Type           Power        Failure   Level  Hunger
 Petrify                  Tmut/Erth      #####...     16%         4    ####...


Dungeon Overview and Level Annotations

Branches:
Dungeon (9/15)             Temple (1/1) D:6
   Lair: D:8-11         Orc: D:9-12

Altars:
Ashenzari
Cheibriados
Dithmenos
Fedhas
Gozag
Makhleb
Nemelex Xobeh
Sif Muna
Trog
Vehumet
Wu Jian
Xom
Zin
The Shining One

Annotations:
D:5 2 transporters, RoseArtemis's ghost, novice HOMo
D:8 Erica


Innate Abilities, Weirdness & Mutations

You are resistant to damage.
You can heal yourself by infusing magical energy.
You passively map the area around you.
You do not regenerate.
You possess an exceptional clarity of mind.
Your flesh is cold resistant. (rC+)
Your spells are a little harder to cast, but a little more powerful.


Message History

Casting: Sandblast (safe; 1% risk of failure)
Confirm with . or Enter, or press ? or * to list all spells.
Aiming: Sandblast (safe; 1% risk of failure)
Press: ? - help, Shift-Dir - straight line, f/p - hornet zombie
Aim: a hornet zombie (almost destroyed)
The blast of sand hits the hornet zombie.
You destroy the hornet zombie!
Makhleb accepts your kill.
You can now gain health from killing.
F - 10 stones A spriggan comes into view.
It is wielding a short sword.
The spriggan moves out of view.
Found a stone staircase leading down.
The crimson imp lashes its tail.
The crimson imp blinks!
There is a stone staircase leading down here.
You climb downwards.
The centaur warrior shouts!
The centaur warrior wields a shortbow.
The centaur warrior shoots an arrow.
The arrow hits you!!
You die...

, ,,, , , , ., ,, , ,, ,
.>.., , , # * * *#..#**
,, ,, # ., #..# . , * ##
*..#####..####.. , ,
..... ..................,
, , ....
........c........, , #..#
#................ , ,*
#..# #........@.......
#..# #................ ,,
#..#####................
*
........................,
,
........................
, ,
................####..##
* ................# ..#
..".............# #..#
....#######.....# #..####
*


You could see a centaur warrior.

Vanquished Creatures
  Pikel (D:6)
  Joseph (D:7)
  Grinder (D:6)
  2 spriggans (D:8)
  A yak (D:8)
  Eustachio (D:6)
  Edmund (D:5)
  Purgy (D:3)
  A black bear (D:8)
  2 orc warriors (D:8)
  A slave (D:6)
  A hornet zombie (D:8)
  2 ice beasts
  2 phantoms
  2 necrophages
  A centaur (D:7)
  Blork the orc (D:4)
  A big kobold (D:8)
  2 bullfrogs
  3 elf zombies (Ossuary)
  A water moccasin zombie (D:6)
  2 scorpions (D:5)
  4 killer bees (D:9)
  3 wights (D:8)
  2 crimson imps
  A bullfrog zombie (D:4)
  2 centaur zombies (Ossuary)
  3 hounds
  2 human zombies (Ossuary)
  A bullfrog skeleton (D:5)
  A centaur skeleton (D:6)
  2 orc wizards (D:7)
  Jessica (D:3)
  3 iguanas
  A gnoll shaman (D:8)
  4 worker ants
  Ijyb (D:3)
  4 mummies
  3 hound skeletons
  Robin (D:4)
  4 gnolls
  9 adders
  4 oozes
  2 adder zombies (Ossuary)
  2 adder skeletons (D:4)
  5 worms
  3 dart slugs
  7 leopard geckos
  12 orcs
  5 ball pythons
  5 giant cockroaches
  25 goblins
  5 hobgoblins
  19 jackals
  12 kobolds
  2 quokkas
  10 bats
  8 frilled lizards
  4 goblin zombies (Ossuary)
  5 hobgoblin zombies (Ossuary)
  2 jackal zombies (Ossuary)
  2 kobold zombies (Ossuary)
  2 leopard gecko zombies
  An orc zombie (D:8)
  6 quokka zombies
  10 rats
  2 rat zombies (Ossuary)
243 creatures vanquished.

Notes
Turn   | Place    | Note
-------+----------+-------------------------------------------
     0 | D:1      | Irenicus the Deep Dwarf Earth Elementalist began the quest
                  | for the Orb.
     0 | D:1      | Reached XP level 1. HP: 15/15 MP: 3/3
   257 | D:1      | Reached XP level 2. HP: 20/22 MP: 0/5
   323 | D:2      | Gained mutation: Your spells are a little harder to cast,
                  | but a little more powerful. [potion of mutation]
   323 | D:2      | Gained mutation: Your flesh is cold resistant. (rC+)
                  | [potion of mutation]
   323 | D:2      | Gained mutation: You possess an exceptional clarity of
                  | mind. [potion of mutation]
   358 | D:2      | Reached skill level 5 in Earth Magic
   470 | D:1      | Reached XP level 3. HP: 26/28 MP: 3/6
   647 | D:2      | Found a blossoming altar of Fedhas.
   664 | D:2      | Reached skill level 6 in Earth Magic
   680 | D:2      | Learned a level 2 spell: Passwall
   694 | D:2      | Found a shattered altar of Ashenzari.
   870 | D:2      | Reached XP level 4. HP: 28/36 MP: 1/7
  1160 | D:3      | Reached skill level 7 in Earth Magic
  1174 | D:3      | Noticed Ijyb
  1265 | D:3      | Killed Ijyb
  1326 | D:3      | Reached XP level 5. HP: 18/42 MP: 0/7
  1336 | D:3      | Noticed Jessica
  1355 | D:3      | Killed Jessica
  1511 | D:3      | Noticed Purgy
  1517 | D:3      | Reached skill level 8 in Earth Magic
  1519 | D:3      | Killed Purgy
  1519 | D:3      | Reached XP level 6. HP: 15/49 MP: 1/8
  1605 | D:4      | Reached skill level 9 in Earth Magic
  1669 | D:4      | Noticed Blork the orc
  1674 | D:4      | Killed Blork the orc
  1782 | D:4      | Reached skill level 10 in Earth Magic
  1843 | D:4      | Noticed Robin
  1904 | D:4      | Killed Robin
  1904 | D:4      | Reached XP level 7. HP: 20/55 MP: 0/9
  1979 | D:5      | Entered Level 5 of the Dungeon
  1979 | D:5      | Noticed Edmund
  2064 | D:5      | Found a transporter.
  2070 | D:5      | Found a transporter.
  2070 | D:5      | Noticed RoseArtemis's ghost (novice HOMo)
  2090 | D:5      | Reached skill level 11 in Earth Magic
  2178 | D:5      | Reached skill level 1 in Transmutations
  2182 | D:5      | Reached skill level 1 in Axes
  2197 | D:5      | Learned a level 3 spell: Stone Arrow
  2214 | D:5      | Killed Edmund
  2396 | D:6      | Got a bloodstained quarterstaff
  2397 | D:6      | Identified the +8 quarterstaff "Ceonezeq" {flame, Int-4
                  | Dex+5} (You found it on level 6 of the Dungeon)
  2432 | D:6      | Noticed Grinder
  2439 | D:6      | Killed Grinder
  2439 | D:6      | Reached XP level 8. HP: 34/62 MP: 4/10
  2458 | D:6      | Found a snail-covered altar of Cheibriados.
  2569 | D:6      | Reached skill level 1 in Fighting
  2583 | D:6      | Found an ornate altar of the Wu Jian Council.
  2589 | D:6      | Noticed Eustachio
  2598 | D:6      | Killed Eustachio
  2623 | D:6      | Found a glowing drain.
  2632 | Sewer    | Entered a sewer
  3080 | D:6      | Learned a level 5 spell: Lee's Rapid Deconstruction
  3099 | D:6      | Found a staircase to the Ecumenical Temple.
  3099 | D:6      | Noticed Pikel
  3171 | D:6      | Killed Pikel
  3171 | D:6      | Reached skill level 5 in Dodging
  3171 | D:6      | Gained mutation: You passively map the area around you.
                  | [Deep Dwarf growth]
  3171 | D:6      | Reached XP level 9. HP: 36/78 MP: 0/11
  3190 | D:7      | Noticed Joseph
  3398 | D:7      | Found a deep blue altar of Sif Muna.
  3482 | D:7      | Killed Joseph
  3595 | D:8      | Noticed Erica
  3598 | D:8      | Found a radiant altar of Vehumet.
  3716 | D:8      | Found a sand-covered staircase.
  3730 | Ossuary  | Entered an ossuary
  3876 | Ossuary  | Reached skill level 10 in Dodging
  3934 | Ossuary  | Reached skill level 1 in Conjurations
  4137 | Temple   | Entered the Ecumenical Temple
  4147 | Temple   | Became a worshipper of Makhleb the Destroyer
  4346 | D:8      | Reached XP level 10. HP: 33/85 MP: 1/11
  4601 | D:9      | Found a sparkling altar of Nemelex Xobeh.
  4602 | D:9      | Found an opulent altar of Gozag.
  4636 | D:9      | Noticed a centaur warrior
  4870 | D:8      | Reached * piety under Makhleb
  4883 | D:9      | Shot with an arrow by a centaur warrior

Vault maps used:
D:1:      dpeg_arrival_chase, st_stairs_12
D:2:      nicolae_ashenzari_panopticon, lemuel_doored_altar, kennysheep_doodads
D:3:      kennysheep_goblin_castle, minmay_goblin_kobold_house, uniq_purgy,
          uniq_jessica
D:4:      serial_undead, serial_undead_a, serial_undead_b, serial_undead_c,
          serial_undead_f, first_ration, uniq_robin, uniq_blork_the_orc
D:5:      gammafunk_ghost_mausoleum, uniq_edmund
D:6:      cheibriados_altar_1, lemuel_crystal_altar, temple_green,
          portal_sewer_entry_d, uniq_pikel, uniq_grinder, uniq_eustachio
D:7:      old_standard_altar, uniq_joseph
D:8:      kb_forest_paths, vehumet_crystals, nicolae_ossuary_entry_giza,
          uniq_erica
D:9:      grunt_temple_overflow_opulence, david_lair_shrubbed
Temple:   eino_temple_water
Sewer:    sewer_fruit_machine
Ossuary:  minmay_ossuary_two_tombs

Skill      XL: |  1  2  3  4  5  6  7  8  9 10 |
---------------+-------------------------------+-----
Spellcasting   | 2 3 |  3.8
Earth Magic    | 5 6 7 8 10 11 | 11.0
Transmutations | 3 |  3.5
Axes           | 4 |  4.5
Fighting       | 4 |  4.1
Dodging        | 5 10 | 10.1
Conjurations   | 2 |  2.3
Stealth        | |  2.4

Action                   |  1- 3 |  4- 6 |  7- 9 | 10-12 || total
-------------------------+-------+-------+-------+-------++-------
Melee: Dagger            |    49 |    84 |       |       ||   133
       Hand axe          |       |    12 |    10 |     2 ||    24
       Quarterstaff      |       |       |   168 |    34 ||   202
 Cast: Sandblast         |    48 |    88 |   144 |     3 ||   283
       Passwall          |       |     1 |     3 |       ||     4
       Stone Arrow       |       |       |    12 |    17 ||    29
 Abil: Heal Wounds       |       |     4 |     6 |     1 ||    11
  Use: Potion            |     4 |     3 |     4 |     1 ||    12
       Scroll            |     3 |     4 |    10 |     1 ||    18
 Stab: Sleeping          |     2 |     1 |     5 |     1 ||     9
       Distracted        |       |       |     1 |     3 ||     4
  Eat: Chunk             |     1 |     5 |     5 |     2 ||    13
       Ration            |       |       |     2 |     1 ||     3
Armor: Leather armour    |    21 |    24 |    35 |     5 ||    85
       Skin              |       |    23 |       |       ||    23
Dodge: Dodged            |    56 |   115 |   267 |    54 ||   492

Table legend:
 A = Non-vault XP
 B = Vault XP
 C = Vault XP percentage of total XP
 D = Non-vault monster count
 E = Vault monster count
 F = Vault count percentage of total count
                 A         B        C        D         E       F
            +---------+---------+-------+---------+---------+-------
      Total |    2950 |    3919 |  57.1 |     138 |     104 |  43.0
            +---------+---------+-------+---------+---------+-------
        D:1 |      44 |       8 |  15.4 |      16 |       2 |  11.1
        D:2 |      85 |       0 |   0.0 |      31 |       0 |   0.0
        D:3 |      38 |     234 |  86.0 |      15 |      14 |  48.3
        D:4 |     134 |     195 |  59.3 |      13 |      18 |  58.1
        D:5 |     325 |     164 |  33.5 |      12 |       1 |   7.7
        D:6 |     548 |    1142 |  67.6 |      11 |       4 |  26.7
        D:7 |     276 |     466 |  62.8 |       8 |       1 |  11.1
        D:8 |    1121 |    1110 |  49.8 |      26 |      13 |  33.3
        D:9 |     379 |       0 |   0.0 |       6 |       0 |   0.0
      Sewer |       0 |      62 | 100.0 |       0 |      22 | 100.0
    Ossuary |       0 |     538 | 100.0 |       0 |      29 | 100.0
            +---------+---------+-------+---------+---------+-------
